AoeStats
← Dinolicious.

Arabia

507685432Analyzed
2v2 RM · 14d ago on Sep 19, 2026· 32m 18s· 4 players
Game mode
Random Map
Map size
Medium (4 player)
Population
200
Speed
Normal
Resources
Standard
Victory
Conquest
Starting age
Dark Age
Ending age
Imperial Age
RankedLock teamsTeams togetherTeam positionsShared explorationLock speedFull tech treeHidden civsTurbo modeCheats
Victory
Defeat
🇭🇰 Spanish · Hong Kong SAR China
1171
+12
🇨🇳 Burgundians · China
1036
+17
🇩🇪 Khmer · Germany
1079
-15
🇦🇹 Teutons · Austria
1055
-14
十一.
11:11 Feudal Age
15:13 Castle Age
15:20 Double-Bit Axe
15:16 Horse Collar
16:02 Loom
23:35 Bloodlines
23:49 Padded Archer Armor
26:30 Leather Archer Armor
30:54 Wheelbarrow
31:02 Bow Saw
直视我 崽种
12:30 Feudal Age
17:00 Castle Age
15:16 Double-Bit Axe
16:08 Bow Saw
16:09 Horse Collar
24:08 Wheelbarrow
23:31 Gold Mining
24:06 Heavy Plow
25:57 Hand Cart
26:33 Gold Shaft Mining
27:23 Two-Man Saw
26:58 Forging
26:54 Scale Barding Armor
26:58 Husbandry
26:50 Cavalier
28:33 Iron Casting
30:08 Chain Barding Armor
Ļﮔ
6:27 Loom
9:11 Feudal Age
11:48 Double-Bit Axe
18:41 Castle Age
16:52 Gold Mining
17:49 Bloodlines
18:20 Scale Barding Armor
18:28 Forging
24:48 Fletching
30:52 Elite Skirmisher
Dinolicious.
8:26 Loom
10:47 Feudal Age
13:51 Double-Bit Axe
19:14 Castle Age
19:48 Crossbowman
23:06 Fletching
28:39 Ballistics
28:44 Bodkin Arrow
28:50 Padded Archer Armor
34:50 Imperial Age
33:01 Wheelbarrow
Connection lost

Rejoining the realm…

Still unreachable

The connection could not be restored.

Session expired

The server has moved on; the page needs a fresh start.